Map: 옥사이드 - 래더

Players

희뀨욤꼼

  • Race: Zerg Zerg
  • League: Diamond

Magnesium - Winner!

  • Race: Terran Terran
  • League: Diamond

VOD

Have the link to the VOD?

Description

Time

  • Played on: Aug. 30, 2021, 9:56 a.m.
  • Length: 7:25
Show
View Real Time Build Order
Export as new Build Order

희뀨욤꼼 Zerg 

Build Orders: Hatch First 

Get SALT Encoding   

  12  0:00  Drone  
  13  0:12  Overlord  
  13  0:17  Drone  
  14  0:30  Drone x2  
  16  0:48  Hatchery  
  15  0:51  Drone  
  15  0:54  Drone  
  17  1:00  Drone  
  18  1:13  Extractor  
  18  1:14  Spawning Pool  
  18  1:18  Drone  
  17  1:23  Drone  
  18  1:31  Drone  
  19  1:38  Overlord  
  19  1:49  Drone  
  20  2:01  Queen x2  
  22  2:02  Zergling x4  
  26  2:12  Drone x2  
  28  2:18  Metabolic Boost  
  28  2:34  Hatchery  
  27  2:40  Queen  
  27  2:43  Drone  
  30  2:46  Overlord  
  30  2:50  Drone  
Show
View Real Time Build Order
Export as new Build Order

Magnesium Terran - Winner!

Build Orders: Liberator Opening, Reaper Expand 

Get SALT Encoding   

  12  0:01  SCV  
  13  0:13  SCV  
  14  0:17  Supply Depot  
  14  0:25  SCV  
  15  0:38  SCV  
  15  0:39  Barracks  
  16  0:43  Refinery  
  16  0:50  SCV  
  17  1:02  SCV  
  18  1:14  SCV  
  19  1:27  Orbital Command, Reaper  
  20  1:38  Command Center  
  20  1:48  Supply Depot  
  20  1:52  SCV  
  21  1:59  Marine  
  22  2:04  SCV  
  22  2:08  Factory  
  23  2:10  Refinery  
  23  2:16  SCV  
  24  2:27  Barracks Reactor  
  24  2:28  SCV  
  25  2:40  SCV  
  26  2:50  Orbital Command  
  26  2:52  SCV  
  26  2:56  Starport  
  26  3:04  SCV  
  26  3:09  Hellion  
  26  3:10  Hellion  
  26  3:11  Barracks Tech Lab  
  26  3:14  Supply Depot  
  26  3:15  SCV  
  26  3:16  SCV  
  26  3:28  SCV  
  26  3:29  Marine, SCV  
  26  3:31  Hellion x2  
  26  3:33  Liberator  
  26  3:38  Stimpack  
  26  3:40  SCV  
  26  3:41  SCV  
  26  3:45  Supply Depot  
  26  3:47  Marine  
  26  3:53  SCV x2  
  26  3:56  Hellion x2  
  26  4:05  SCV  
  26  4:06  SCV, Marine  
  26  4:09  Supply Depot  
  26  4:18  Starport Reactor  
  26  4:19  SCV  
  26  4:20  SCV  
  26  4:21  Barracks  
  26  4:23  Barracks  
  26  4:24  Marine  
  26  4:27  Factory Tech Lab  
  26  4:31  Engineering Bay  
  26  4:32  Refinery, SCV x2  
  26  4:37  Supply Depot  
  26  4:42  Marine  
  26  4:45  Siege Tank  
  26  4:48  SCV x2  
  26  4:51  Supply Depot  
  26  4:58  Terran Infantry Weapons Level 1  
  26  5:01  SCV x2  
  26  5:02  Marine  
  26  5:04  Starport Reactor  
  26  5:10  Supply Depot, Marine x2  
  26  5:13  SCV x2  
  26  5:16  Marine x2  
  26  5:17  Siege Tank  
  26  5:18  Combat Shield  
  26  5:23  Marine  
  26  5:27  Marine  
  26  5:34  Marine x2  
  26  5:35  Supply Depot  
  26  5:36  Marine  
  26  5:39  Supply Depot  
  26  5:40  Medivac x2  
  26  5:45  Marine  
  26  5:46  Command Center  
  26  5:48  Marine  
  26  5:52  Marine x2  
  26  5:53  Marine  
  26  5:57  Siege Tank  
  26  6:01  Refinery  
  26  6:02  SCV x2  
  26  6:06  Marine  
  26  6:07  Marine  
  26  6:09  Marine  
  26  6:10  Marine  
  26  6:11  Marine  
  26  6:18  SCV  
  26  6:19  SCV  
  26  6:21  Medivac x2  
  26  6:23  Supply Depot  
  26  6:24  Supply Depot  
  26  6:29  Marine x2  
  26  6:30  Marine x3  
  26  6:34  SCV x2  
  26  6:42  Barracks  
  26  6:43  Barracks  
  26  6:44  Siege Tank  
  26  6:53  Marine x2  
  26  6:54  Marine x3  
  26  6:58  Orbital Command  
  26  7:01  SCV x2  
  26  7:11  Armory  
  26  7:14  Engineering Bay  
Tags
 
Add a new tag
Caveats
  • Supply blocks, unpowered buildings, or Contaminate may cause inaccurate times.
  • Supply counts are checked every 10 seconds.